[gd_scene load_steps=13 format=2]

[ext_resource path="res://Assets/cell.png" type="Texture" id=1]
[ext_resource path="res://scripts/cell.gd" type="Script" id=2]
[ext_resource path="res://Assets/cell_cross.png" type="Texture" id=3]
[ext_resource path="res://Assets/box_fill.png" type="Texture" id=4]
[ext_resource path="res://Assets/cell_marked.png" type="Texture" id=5]

[sub_resource type="AtlasTexture" id=3]
atlas = ExtResource( 4 )
region = Rect2( 0, 0, 16, 16 )

[sub_resource type="AtlasTexture" id=4]
atlas = ExtResource( 4 )
region = Rect2( 16, 0, 16, 16 )

[sub_resource type="AtlasTexture" id=5]
atlas = ExtResource( 4 )
region = Rect2( 32, 0, 16, 16 )

[sub_resource type="AtlasTexture" id=6]
atlas = ExtResource( 4 )
region = Rect2( 48, 0, 16, 16 )

[sub_resource type="AtlasTexture" id=7]
atlas = ExtResource( 4 )
region = Rect2( 64, 0, 16, 16 )

[sub_resource type="SpriteFrames" id=2]
animations = [ {
"frames": [ SubResource( 3 ), SubResource( 4 ), SubResource( 5 ), SubResource( 6 ), SubResource( 7 ) ],
"loop": false,
"name": "solved",
"speed": 16.0
}, {
"frames": [ ExtResource( 3 ) ],
"loop": false,
"name": "wrong",
"speed": 1.0
}, {
"frames": [ ExtResource( 5 ) ],
"loop": true,
"name": "marked",
"speed": 5.0
}, {
"frames": [ ExtResource( 1 ) ],
"loop": false,
"name": "unsolved",
"speed": 1.0
} ]

[sub_resource type="RectangleShape2D" id=1]
extents = Vector2( 7, 7 )

[node name="Tile" type="Area2D"]
script = ExtResource( 2 )

[node name="Sprite" type="AnimatedSprite" parent="."]
frames = SubResource( 2 )
animation = "unsolved"
speed_scale = 2.0
centered = false

[node name="CollisionShape2D" type="CollisionShape2D" parent="."]
position = Vector2( 8, 8 )
shape = SubResource( 1 )

[node name="particle" type="CPUParticles2D" parent="."]
visible = false
modulate = Color( 0, 0, 0, 1 )
position = Vector2( 8, 8 )
emitting = false
amount = 40
lifetime = 0.6
one_shot = true
speed_scale = 2.0
explosiveness = 0.8
randomness = 1.0
lifetime_randomness = 1.0
emission_shape = 1
emission_sphere_radius = 0.01
direction = Vector2( 0, 0 )
spread = 180.0
gravity = Vector2( 0, 0 )
initial_velocity = 30.0
color = Color( 0, 0, 0, 1 )

[connection signal="input_event" from="." to="." method="_on_Tile_input_event"]
[connection signal="mouse_entered" from="." to="." method="_on_Tile_mouse_entered"]
